 Dungeon Crawl Stone Soup version 0.31-a0-214-gb37851dbb3 (webtiles) character file.

Game seed: 18357500187191818296

1150 porpoise the Vexing (level 8, -5/52 HPs)
             Began as a Merfolk Enchanter on July 1, 2023.
             Slain by an ogre
             ... wielding a +0 giant spiked club
              (15 damage)
             ... on level 6 of the Dungeon.
             The game lasted 00:21:13 (3990 turns).

porpoise the Vexing (Merfolk Enchanter)             Turns: 3990, Time: 00:21:14

Health: -5/52      AC:  6    Str: 11    XL:     8   Next: 38%
Magic:  10/14      EV: 12    Int: 17    God:
Gold:   174        SH:  0    Dex: 14    Spells: 7/15 levels left

rFire   . . .        a - +2 short sword (elec)
rCold   . . .        (no shield)
rNeg    . . .        w - +0 robe of Untruth {rElec Str+3}
rPois   .            (no helmet)
rElec   +            (no cloak)
rCorr   .            (no gloves)
SInv    .            (no boots)
Will    .....        (no amulet)
Stlth   +++          j - ring of flight
HPRegen 0.28/turn    k - +4 ring of protection
MPRegen 0.14/turn

%: no passive effects
@: flying
A: (nimble swimmer 2), mertail
a: no special abilities


You were on level 6 of the Dungeon.
You visited 1 branch of the dungeon, and saw 6 of its levels.

You collected 174 gold pieces.

Inventory:

Hand Weapons
 a - a +2 short sword of electrocution (weapon)
 b - a +0 orcbow
 z - a +1 dagger
Missiles
 B - 2 throwing nets
Armour
 h - an orb of wrath
 q - the +3 ring mail of Langedor {Will+}
   (You found it on level 5 of the Dungeon)

   Will:      It increases your willpower.
 t - a +0 buckler
 w - the +0 robe of Untruth (worn) {rElec Str+3}
   (You found it on level 5 of the Dungeon)

   Str:       It affects your strength (+3).
   rElec:     It insulates you from electricity.
Jewellery
 j - a ring of flight (left hand)
 k - a +4 ring of protection (right hand)
 u - a ring of resist corrosion
 x - a +4 ring of protection
 C - a ring of ice
Wands
 o - a wand of paralysis (10)
Scrolls
 d - a scroll of fog {unknown}
 e - a scroll of teleportation
 g - a scroll of silence {unknown}
 i - a scroll of amnesia {unknown}
 p - a scroll of revelation
 r - a scroll of enchant armour {unknown}
 y - a scroll of torment {unknown}
Potions
 c - 2 potions of invisibility
 f - a potion of lignification
 l - a potion of curing
 m - a potion of enlightenment
 n - a potion of mutation
 s - a potion of berserk rage {unknown}
 v - a potion of resistance {unknown}


   Skills:
 - Level 0.2 Fighting
 + Level 5.0 Short Blades
 - Level 2.6 Dodging
 - Level 5.0 Stealth
 + Level 4.2 Spellcasting
 + Level 5.9 Hexes
 - Level 5.0 Ice Magic


You had 7 spell levels left.
You knew the following spells:

 Your Spells              Type           Power      Damage    Failure   Level
a - Confusing Touch       Hex            23%        N/A       4%          3
e - Ensorcelled Hibernat  Hex/Ice        44%        N/A       2%          2
t - Tukima's Dance        Hex            23%        N/A       4%          3

Your spell library contained the following spells:

 Spells                   Type           Power      Damage    Failure   Level
 Dazzling Flash           Conj/Hex       26%        N/A       14%         3
 Portal Projectile        Hex/Tloc       26%        N/A       14%         3
 Passwall                 Tmut/Erth      2%         N/A       24%         2
 Leda's Liquefaction      Hex/Erth       6%         N/A       41%         4
 Call Canine Familiar     Summ           3%         N/A       43%         3
 Swiftness                Air            3%         N/A       43%         3
 Vhi's Electric Charge    Tloc/Air       6%         N/A       43%         3
 Arcjolt                  Conj/Air       1%         1d11      99%         5
 Maxwell's Capacitive Co  Air            1%         ∞         100%        8


Dungeon Overview and Level Annotations

Branches:
Dungeon (6/15)
 Temple: D:4-7

Altars:
Ashenzari
Elyvilon
Fedhas
Nemelex Xobeh
Xom

Shops:
D:1 (   D:4 (


Innate Abilities, Weirdness & Mutations

((You are very nimble when in or above water. (Stealth+, EV+, Speed+++)))
Your lower body shifts to a powerful aquatic tail in water.


Message History

You fly downwards.
There is a stone staircase leading up here.
An iguana is nearby!
The helpless iguana fails to defend itself.
You puncture the iguana! Lightning courses through the iguana!
You kill the iguana!
Your Short Blades skill increases to level 5!
As you read the scroll labelled PUMATISAIT, it crumbles to dust.
You feel strangely unstable.
It was a scroll of teleportation.
You fly upwards.
There is a stone staircase leading down here.
Your surroundings suddenly seem different.
(D) Dungeon
Where to? (Enter - D:6, ? - help)
Things that are here:
a +0 club; a gnoll skeleton
There is a stone staircase leading down here.
You fly downwards.
There is a stone staircase leading up here.
An ogre is nearby!
The ogre shouts!
The ogre hits you with a +0 giant spiked club!!
You hit the ogre.
The ogre is moderately wounded.
Casting: Ensorcelled Hibernation (safe; 2% risk of failure)
Confirm with . or Enter, or press ? or * to list all spells.
Aiming: Ensorcelled Hibernation (safe; 2% risk of failure)
Press: ? - help, Shift-Dir - straight line, f - ogre
Aim: an ogre, wielding a +0 giant spiked club (moderately wounded, chance to affect: 54%)
The ogre resists with significant effort.
The ogre hits you with a +0 giant spiked club!!
* * * LOW HITPOINT WARNING * * *
Casting: Ensorcelled Hibernation (safe; 2% risk of failure)
Confirm with . or Enter, or press ? or * to list all spells.
Aiming: Ensorcelled Hibernation (safe; 2% risk of failure)
Press: ? - help, Shift-Dir - straight line, f/p - ogre
Aim: an ogre, wielding a +0 giant spiked club (moderately wounded, chance to affect: 54%)
The ogre resists with significant effort.
The ogre hits you with a +0 giant spiked club!
You die...

### #<#
#.# #.#
..# ...
####.#####
#.##
......O@<#
#.
.###.#####
..


You could see an ogre.

Vanquished Creatures
  A hornet (D:5)
  An ice beast (D:5)
  2 ogres (D:5)
  A centaur (D:5)
  A phantom (D:4)
  3 scorpions
  3 hounds
  2 iguanas
  2 sleepcaps (D:5)
  7 gnolls (D:5)
  6 adders
  An ufetubus (D:4)
  4 dart slugs
  10 orcs
  3 bats
  7 endoplasms
  3 giant cockroaches
  5 goblins
  6 hobgoblins
  4 jackals (D:1)
  3 quokkas
  8 ball pythons
  2 frilled lizards
  9 kobolds
  4 rats
98 creatures vanquished.

Vanquished Creatures (others)
  A rat (D:3)
1 creature vanquished.

Grand Total: 99 creatures vanquished

Notes
Turn   | Place    | Note
-------+----------+-------------------------------------------
     0 | D:1      | porpoise the Merfolk Enchanter began the quest for the Orb.
     0 | D:1      | Reached XP level 1. HP: 13/13 MP: 3/3
   211 | D:1      | Reached XP level 2. HP: 16/19 MP: 5/5
   452 | D:1      | Learned a level 2 spell: Ensorcelled Hibernation
   490 | D:1      | Found Ijute's Weapon Shop.
   544 | D:1      | Reached XP level 3. HP: 12/24 MP: 3/6
  1243 | D:2      | You are sucked into a shaft and drop 1 floor!
  1391 | D:3      | Found a shimmering altar of Xom.
  1402 | D:3      | Reached XP level 4. HP: 27/30 MP: 7/7
  1507 | D:3      | Learned a level 3 spell: Confusing Touch
  1511 | D:3      | Learned a level 3 spell: Tukima's Dance
  1749 | D:3      | Reached skill level 1 in Ice Magic
  1789 | D:3      | Found a sparkling altar of Nemelex Xobeh.
  1925 | D:4      | Noticed a scorpion
  1929 | D:4      | Killed a scorpion
  1930 | D:4      | Reached XP level 5. HP: 35/35 MP: 7/9
  1967 | D:4      | Noticed a phantom
  1995 | D:4      | Killed a phantom
  1996 | D:4      | Reached XP level 6. HP: 23/41 MP: 10/10
  2170 | D:4      | Reached skill level 5 in Stealth
  2348 | D:4      | Found Duptasun's Antique Weapon Shoppe.
  2641 | D:5      | Entered Level 5 of the Dungeon
  2661 | D:5      | Found a blossoming altar of Fedhas.
  2664 | D:5      | Noticed a hornet
  2670 | D:5      | Paralysed by a hornet for 2 turns
  2673 | D:5      | Killed a hornet
  2674 | D:5      | Reached XP level 7. HP: 19/46 MP: 6/11
  2901 | D:4      | Reached skill level 5 in Ice Magic
  3075 | D:5      | Identified the +0 robe of Untruth {rElec Str+3}
  3145 | D:5      | Reached skill level 5 in Hexes
  3245 | D:5      | Found a white marble altar of Elyvilon.
  3247 | D:5      | Identified the +3 ring mail of Langedor {Will+}
  3288 | D:5      | Reached XP level 8. HP: 32/52 MP: 4/13
  3850 | D:5      | Found a broken altar of Ashenzari.
  3962 | D:6      | Reached skill level 5 in Short Blades
  3990 | D:6      | Slain by an ogre

Illustrated notes

Levels and vault maps discovered:
D:1:      dpeg_arrival_radiant, layout_loops_ring, serial_shops,
          nicolae_shop_bloodbath_and_beyond, serial_bayou_crossing
D:2:      minmay_chambers_of_ones, layout_basic, minmay_bisected
D:3:      layout_rooms, mainiacjoe_overflow_six_doors_small, xom_confusion_cloud
D:4:      layout_basic, serial_shops, nicolae_shop_window_shopping
D:5:      layout_basic, mainiacjoe_overflow_small_starburst, lemuel_tele_altar,
          mainiacjoe_overflow_paths, serial_bayou_pond_b,
          hangedman_abyss_or_decor_lesser_grid, dreamdust_wishing_well,
          chequers_jeans
D:6:      layout_basic, serial_shops, shop

Skill      XL: |  1  2  3  4  5  6  7  8 |
---------------+-------------------------+-----
Stealth        | 4 5 |  5.0
Hexes          | 4 5 |  5.9
Ice Magic      | 2 3 4 5 |  5.0
Spellcasting   | 3 4 |  4.2
Short Blades   | 2 4 5 |  5.0
Fighting       | |  0.2
Dodging        | |  2.6

Action                     |  1- 3 |  4- 6 |  7- 9 || total
---------------------------+-------+-------+-------++-------
  Melee: Dagger            |   138 |    33 |       ||   171
         Short sword       |       |    92 |    59 ||   151
         Punch             |       |     2 |       ||     2
   Fire: Orcbow            |       |       |     3 ||     3
   Cast: Ensorcelled Hiber |     1 |     9 |    23 ||    33
         Confusing Touch   |       |       |     3 ||     3
    Use: Scroll            |       |     5 |     2 ||     7
         Potion            |       |       |     2 ||     2
   Stab: Sleeping          |     7 |     8 |    15 ||    30
         Distracted        |     1 |       |     1 ||     2
         Confused          |       |       |     2 ||     2
 Armour: Robe              |    30 |    34 |     9 ||    73
  Dodge: Dodged            |    63 |    55 |    38 ||   156

Table legend: (Time is in decaauts)
 A = Elapsed time spent in this place.
 B = Non-inter-level travel time spent in this place.
 C = Inter-level travel time spent in this place.
 D = Time resting spent in this place.
 E = Time spent auto-exploring this place.
 F = Levels seen in this place.
 G = Mean time per level.
                   A        B        C        D        E       F      G
               +--------+--------+--------+--------+--------+-----+--------+
         Total |   3942 |   3817 |    125 |    868 |   2086 |   6 |  657.0 |
       Dungeon |   3942 |   3817 |    125 |    868 |   2086 |   6 |  657.0 |
               +--------+--------+--------+--------+--------+-----+--------+

Top non-repeatable levels by time:
     D:5: 1176 daAuts
     D:1: 984 daAuts
     D:4: 864 daAuts
     D:3: 670 daAuts
     D:2: 239 daAuts
     D:6: 7 daAuts
